 Dungeon Crawl Stone Soup version 0.31.0-32-g396128a36d (webtiles) character file.

Game seed: 9860272175001078994

108 unlimited1921 the Firebug (level 4, 0/32 HPs)
             Began as a Gnoll Fire Elementalist on Apr 15, 2024.
             Slain by an orc priest
             ... wielding a +0 club
              (5 damage)
             ... on level 3 of the Dungeon.
             The game lasted 00:03:56 (3204 turns).

unlimited1921 the Firebug (Gnoll Fire Elementalist) Turns: 3204, Time: 00:03:57

Health: 0/32       AC:  2    Str:  7    XL:     4   Next: 87%
Magic:  2/11       EV: 13    Int: 23    God:
Gold:   96         SH:  0    Dex: 12    Spells: 4/13 levels left

rFire   . . .        i - +0 spear
rCold   . . .        (no shield)
rNeg    . . .        a - +0 robe
rPois   .            (no helmet)
rElec   .            (no cloak)
rCorr   .            (no gloves)
SInv    .            (no boots)
Will    .....        (no amulet)
Stlth   +++          g - +6 ring of intelligence
HPRegen 0.25/turn    (no ring)
MPRegen 0.12/turn

%: no passive effects
@: no status effects
A: fangs 1, strong nose, distributed training
a: no special abilities


You were on level 3 of the Dungeon.
You visited 1 branch of the dungeon, and saw 3 of its levels.

You collected 96 gold pieces.

Inventory:

Hand Weapons
 h - a +0 short sword
 i - a +0 spear (weapon)
Missiles
 d - 12 poisoned darts
Armour
 a - a +0 robe (worn)
 l - a +0 chain mail
 m - a +0 ring mail
Magical Staves
 k - a staff of death
Jewellery
 g - a +6 ring of intelligence (left hand)
Scrolls
 f - 2 scrolls of identify {unknown}
 j - a scroll of immolation {unknown}
Potions
 b - a potion of magic
 c - a potion of heal wounds {unknown}
 e - 2 potions of attraction {unknown}


   Skills:
 + Level 1.3 Fighting
 + Level 1.3 Short Blades
 + Level 1.3 Long Blades
 + Level 1.3 Axes
 + Level 1.3 Maces & Flails
 + Level 1.3 Polearms
 + Level 1.3 Staves
 + Level 1.3 Ranged Weapons
 + Level 1.3 Throwing
 + Level 1.3 Armour
 + Level 4.7 Dodging
 + Level 4.3 Stealth
 + Level 1.3 Shields
 + Level 1.3 Unarmed Combat
 + Level 5.1 Spellcasting
 + Level 2.3 Conjurations
 + Level 1.0 Hexes
 + Level 1.0 Summonings
 + Level 1.0 Necromancy
 + Level 1.0 Translocations
 + Level 5.5 Fire Magic
 + Level 1.0 Ice Magic
 + Level 1.0 Air Magic
 + Level 1.0 Earth Magic
 + Level 1.0 Alchemy
 + Level 1.4 Invocations
 + Level 1.3 Evocations
 + Level 1.2 Shapeshifting


You had 4 spell levels left.
You knew the following spells:

 Your Spells              Type           Power      Damage    Failure   Level
a - Foxfire               Conj/Fire      96%        2x1d8     1%          1
b - Scorch                Fire           62%        2d7       1%          2
c - Inner Flame           Hex/Fire       21%        N/A       7%          3
d - Volatile Blastmotes   Fire/Tloc      42%        2d13      7%          3

Your spell library contained the following spells:

 Spells                   Type           Power      Damage    Failure   Level
 Flame Wave               Conj/Fire      24%        2d8       19%         4


Dungeon Overview and Level Annotations

Branches:
Dungeon (3/15)

Altars:


Innate Abilities, Weirdness & Mutations

You have very sharp teeth.
Your uncanny sense of smell can sniff out nearby items.
Your experience applies equally to all skills.


Message History

The orc is severely wounded.
Casting: Inner Flame (quite dangerous; 7% risk of failure)
Confirm with . or Enter, or press ? or * to list all spells.
Flames lash the orc.
The orc explodes!
Casting: Scorch (safe; 1% risk of failure)
Confirm with . or Enter, or press ? or * to list all spells.
Flames lash the orc.
The orc is heavily wounded.
The orc's fire resistance burns away.
Casting: Scorch (safe; 1% risk of failure)
Confirm with . or Enter, or press ? or * to list all spells.
Flames lash the orc.
The orc is burned terribly!
You kill the orc!
Casting: Scorch (safe; 1% risk of failure)
Confirm with . or Enter, or press ? or * to list all spells.
You don't have enough magic to cast this spell.
Casting: Scorch (safe; 1% risk of failure)
Confirm with . or Enter, or press ? or * to list all spells.
You don't have enough magic to cast this spell.
There is an escape hatch in the floor here.
You start resting.
An orc priest is nearby!
The orc priest looks braver for a moment.
The orc priest calls down the wrath of Beogh upon you.
Beogh smites you!
You hit the orc priest but do no damage.
You bite the orc priest, but do no damage.
The orc priest hits you but does no damage.
You completely miss the orc priest.
The orc priest mumbles some strange prayers to Beogh against you.
Beogh smites you!
Ouch! That really hurt!
* * * LOW HITPOINT WARNING * * *
You hit the orc priest but do no damage.
The orc priest mumbles some strange prayers to Beogh against you.
You barely resist.
You hit the orc priest but do no damage.
The orc priest hits you with a +0 club.
You die... # #.)# ... #.###..## .oo

........ ∆ .<
...>.# .o
####..######## ###'
#..........).. .o.
#.##..#######.
#.#########.#...#<#
#. ∆
#.)..>o@........#.#
#.
###########.##.##[#
#. #.......# #.
#.##.##.# #.
####.##.# ####
#.#### #... #.#
#.## #.# ####.##
..# #......


You could see an orc priest.

Vanquished Creatures
  An ogre (D:3)
  3 orcs (D:3)
  3 endoplasms (D:3)
  2 giant cockroaches
  2 goblins (D:1)
  A ball python (D:3)
  A bat (D:1)
  A kobold (D:3)
  4 rats
18 creatures vanquished.

Vanquished Creatures (others)
  59 foxfires
59 creatures vanquished.

Grand Total: 77 creatures vanquished

Notes
Turn   | Place    | Note
-------+----------+-------------------------------------------
     0 | D:1      | unlimited1921 the Gnoll Fire Elementalist began the quest
                  | for the Orb.
     0 | D:1      | Reached XP level 1. HP: 13/13 MP: 6/6
  1441 | D:2      | You fall into a shaft and drop 1 floor!
  1542 | D:3      | Reached XP level 2. HP: 19/19 MP: 3/7
  2567 | D:3      | Noticed an ogre
  2574 | D:3      | Killed an ogre
  2575 | D:3      | Reached skill level 1 in Fighting
  2575 | D:3      | Reached skill level 1 in Short Blades
  2575 | D:3      | Reached skill level 1 in Long Blades
  2575 | D:3      | Reached skill level 1 in Axes
  2575 | D:3      | Reached skill level 1 in Maces & Flails
  2575 | D:3      | Reached skill level 1 in Polearms
  2575 | D:3      | Reached skill level 1 in Staves
  2575 | D:3      | Reached skill level 1 in Ranged Weapons
  2575 | D:3      | Reached skill level 1 in Throwing
  2575 | D:3      | Reached skill level 1 in Armour
  2575 | D:3      | Reached skill level 1 in Shields
  2575 | D:3      | Reached skill level 1 in Unarmed Combat
  2575 | D:3      | Reached skill level 5 in Spellcasting
  2575 | D:3      | Reached skill level 1 in Hexes
  2575 | D:3      | Reached skill level 1 in Summonings
  2575 | D:3      | Reached skill level 1 in Necromancy
  2575 | D:3      | Reached skill level 1 in Translocations
  2575 | D:3      | Reached skill level 1 in Ice Magic
  2575 | D:3      | Reached skill level 1 in Air Magic
  2575 | D:3      | Reached skill level 1 in Earth Magic
  2575 | D:3      | Reached skill level 1 in Alchemy
  2575 | D:3      | Reached skill level 1 in Invocations
  2575 | D:3      | Reached skill level 1 in Evocations
  2575 | D:3      | Reached skill level 1 in Shapeshifting
  2575 | D:3      | Reached XP level 3. HP: 26/26 MP: 2/9
  2575 | D:3      | Reached XP level 4. HP: 32/32 MP: 2/11
  2916 | D:3      | Learned a level 2 spell: Scorch
  2920 | D:3      | Learned a level 3 spell: Inner Flame
  2929 | D:3      | Learned a level 3 spell: Volatile Blastmotes
  3204 | D:3      | Slain by an orc priest

Illustrated notes

Levels and vault maps discovered:
D:1:      dpeg_arrival_round_a, layout_loops_ring
D:2:      kennysheep_the_goblin_king, layout_basic, serial_curves,
          eino_curves_04, eino_curves_03, kennysheep_generic_room_5
D:3:      layout_basic

Skill      XL: |  1  2 |
---------------+-------+-----
Conjurations   | 2 |  2.3
Fighting       | 1 |  1.3
Short Blades   | 1 |  1.3
Long Blades    | 1 |  1.3
Axes           | 1 |  1.3
Maces & Flails | 1 |  1.3
Polearms       | 1 |  1.3
Staves         | 1 |  1.3
Ranged Weapons | 1 |  1.3
Throwing       | 1 |  1.3
Armour         | 1 |  1.3
Shields        | 1 |  1.3
Unarmed Combat | 1 |  1.3
Spellcasting   | 5 |  5.1
Hexes          | 1 |  1.0
Summonings     | 1 |  1.0
Necromancy     | 1 |  1.0
Translocations | 1 |  1.0
Ice Magic      | 1 |  1.0
Air Magic      | 1 |  1.0
Earth Magic    | 1 |  1.0
Alchemy        | 1 |  1.0
Invocations    | 1 |  1.4
Evocations     | 1 |  1.3
Shapeshifting  | 1 |  1.2
Dodging        | |  4.7
Stealth        | |  4.3
Fire Magic     | |  5.5

Action                     |  1- 3 |  4- 6 || total
---------------------------+-------+-------++-------
  Melee: Short sword       |     6 |       ||     6
         Bite              |     1 |     1 ||     2
         Spear             |     6 |     4 ||    10
   Cast: Foxfire           |    26 |    10 ||    36
         Scorch            |       |     3 ||     3
         Inner Flame       |       |     1 ||     1
         Volatile Blastmot |       |     1 ||     1
   Stab: Sleeping          |     2 |       ||     2
 Armour: Robe              |     2 |     2 ||     4
  Dodge: Dodged            |     6 |     2 ||     8
